 Dungeon Crawl Stone Soup version 0.30.0-29-ga12c61a403 (webtiles) character file.

Game seed: 14212118631472389589

112 seaoflcl the Shield-Bearer (level 4, -1/40 HPs)
             Began as a Minotaur Fighter on June 9, 2023.
             Slain by Grinder (7 damage)
             ... while paralysed by Grinder
             ... on level 3 of the Dungeon.
             The game lasted 00:01:34 (1406 turns).

seaoflcl the Shield-Bearer (Minotaur Fighter)       Turns: 1406, Time: 00:01:34

Health: -1/40      AC:  7    Str: 23    XL:     4   Next: 63%
Magic:  3/3        EV:  2    Int:  5    God:
Gold:   112        SH:  0    Dex:  9    Spells: 3/3 levels left

rFire   . . .        a - +0 war axe
rCold   . . .        c - +0 buckler
rNeg    . . .        b - +0 scale mail
rPois   +            (helmet restricted)
rElec   .            (no cloak)
rCorr   .            (no gloves)
SInv    .            (no boots)
Will    .....        (no amulet) Stlth
                     o - +5 ring of evasion
HPRegen 0.26/turn    t - ring of poison resistance
MPRegen 0.08/turn

%: no passive effects
@: paralysed, mighty
A: horns 2, retaliatory headbutt
a: no special abilities


You were on level 3 of the Dungeon.
You visited 1 branch of the dungeon, and saw 4 of its levels.

You collected 112 gold pieces.

Inventory:

Hand Weapons
 a - a +0 war axe (weapon)
Missiles
 q - a throwing net (quivered)
 u - 3 boomerangs
Armour
 b - a +0 scale mail (worn)
 c - a +0 buckler (worn)
Jewellery
 o - a +5 ring of evasion (left hand)
 t - a ring of poison resistance (right hand)
Scrolls
 f - 5 scrolls of fear {unknown}
 g - 6 scrolls of identify {unknown}
 i - 2 scrolls of teleportation {unknown}
 m - a scroll of silence {unknown}
 p - a scroll of amnesia {unknown}
 r - 2 scrolls of magic mapping {unknown}
Potions
 e - a potion of ambrosia {unknown}
 h - a potion of degeneration {unknown}
 j - 2 potions of brilliance {unknown}
 k - a potion of attraction {unknown}
 l - a potion of flight {unknown}
 n - a potion of invisibility {unknown}
 s - 2 potions of haste {unknown}


   Skills:
 + Level 4.3 Fighting
 * Level 4.1 Axes
 + Level 0.6 Throwing
 + Level 4.2 Armour
 + Level 4.3 Shields


You had 3 spell levels left.
You didn't know any spells.
Your spell library contained the following spells:

 Spells                   Type           Power      Damage    Failure   Level
 Sting                    Tmut/Pois      0%         1d3       85%         1
 Poisonous Vapours        Pois/Air       0%         N/A       94%         2
 Inner Flame              Hex/Fire       0%         N/A       99%         3
 Flame Wave               Conj/Fire      0%         2d4       100%        4
 Olgreb's Toxic Radiance  Pois           0%         N/A       100%        4
 Sticky Flame             Conj/Fire      0%         2d3       100%        4


Dungeon Overview and Level Annotations

Branches:
Dungeon (4/15)
 Temple: D:4-7

Altars:

Shops:
D:2 :

Annotations:
D:3 Grinder


Innate Abilities, Weirdness & Mutations

You have a pair of horns on your head.
You reflexively headbutt those who attack you in melee.


Message History

Grinder is heavily wounded.
Grinder hits you.
You writhe in agony.
You closely miss Grinder. Your headbutt misses Grinder.
Grinder is heavily wounded.
Grinder gestures at you. Pain shoots through your body!
Grinder hits you but does no damage. You block the kobold's attack.
You completely miss Grinder. Your headbutt misses Grinder.
Grinder is heavily wounded.
You hit the kobold but do no damage. The kobold hits you with a +0 dagger.
You block Grinder's attack.
You hit Grinder. Your headbutt misses Grinder.
Grinder is heavily wounded.
You closely miss the kobold. The kobold hits you but does no damage.
Grinder hits you.
You writhe in agony.
You are too injured to fight recklessly!
You are too injured to fight recklessly!
You are too injured to fight recklessly!
You are too injured to fight recklessly!
You are too injured to fight recklessly!
You are too injured to fight recklessly!
Unknown command.
The kobold barely misses you. You furiously retaliate!
You headbutt the kobold!
You kill the kobold!
There is an open door here.
You feel very mighty all of a sudden. Grinder barely misses you.
You closely miss Grinder.
Grinder is heavily wounded.
Grinder hits you.
You writhe in agony.
* * * LOW HITPOINT WARNING * * *
Grinder gestures at you.
You suddenly lose the ability to move!
Grinder hits you.
* * * LOW HITPOINT WARNING * * *
You writhe in agony.
* * * LOW HITPOINT WARNING * * *
Grinder hits you but does no damage. Grinder hits you!
You die...

#.##.....##
#.#.......##
##..........#
...........+
#.......:.#
#.......# #.....#
#)5.# ##@## #.# #.#
##.## ####...##
.........##
#.####...#.######.#
........###.......#
#.#####..#.########


You could see Grinder.

Vanquished Creatures
  A hound (D:4)
  2 adders
  3 gnolls (D:2)
  3 ball pythons
  5 endoplasms
  2 goblins (D:1)
  A hobgoblin (D:1)
  5 jackals
  A quokka (D:1)
  3 bats
  5 frilled lizards (D:1)
  A kobold (D:3)
  9 rats
  A spectral kobold (D:2)
42 creatures vanquished.

Notes
Turn   | Place    | Note
-------+----------+-------------------------------------------
     0 | D:1      | seaoflcl the Minotaur Fighter began the quest for the Orb.
     0 | D:1      | Reached XP level 1. HP: 19/19 MP: 0/0
   281 | D:1      | Reached XP level 2. HP: 27/27 MP: 1/1
   703 | D:2      | Found Zaneatu's Book Shop.
   719 | D:2      | Reached XP level 3. HP: 19/33 MP: 2/2
   979 | D:2      | Reached XP level 4. HP: 40/40 MP: 3/3
  1045 | D:2      | Found a faded altar of an unknown god.
  1145 | D:2      | You fall into a shaft and drop 2 floors!
  1392 | D:3      | Noticed Grinder
  1403 | D:3      | Paralysed by Grinder for 5 turns
  1406 | D:3      | Slain by Grinder

Illustrated notes

Levels and vault maps discovered:
D:1:      dpeg_arrival_line_fractal, layout_loops_ring
D:2:      layout_rooms, serial_shops, nicolae_shop_just_a_little_nook,
          dreamdust_ecumenical_altar_drowned_temple, uniq_crazy_yiuf_cottage
D:3:      layout_loops_corners, uniq_grinder
D:4:      layout_cave_pools, fedhas_altar_fruit_tree,
          minmay_temple_entry_glassed_door, uniq_edmund, uniq_ijyb

Skill      XL: |  1  2  3  4 |
---------------+-------------+-----
Axes           | 3 4 |  4.1
Shields        | 4 |  4.3
Fighting       | 4 |  4.3
Armour         | 4 |  4.2
Throwing       | |  0.6

Action                     |  1- 3 |  4- 6 || total
---------------------------+-------+-------++-------
  Melee: War axe           |    70 |    20 ||    90
         Headbutt          |    10 |     3 ||    13
    Use: Potion            |       |     1 ||     1
 Armour: Scale mail        |    33 |    12 ||    45
  Dodge: Dodged            |    37 |    20 ||    57
  Block: Buckler           |    15 |     4 ||    19
